 Seeded DCSS version 0.28-a0-983-g1de4e0787c (webtiles) character file.

Game seed: 1046690638713776861 (custom seed)

2910 a11behringer the Basher (level 9, 0/99 (117) HPs)
             Began as a Minotaur Berserker on Dec 2, 2021.
             Was a Priest of Trog.
             Slain by a wight (4 damage)
             ... on level 7 of the Dungeon.
             The game lasted 00:19:41 (6122 turns).

a11behringer the Basher (Minotaur Berserker)        Turns: 6122, Time: 00:19:41

HP:   0/99 (117)    AC: 15    Str: 27    XL:     9   Next: 49%
MP:   8/8           EV:  8    Int:  4    God:    Trog [***...]
Gold: 324           SH:  6    Dex:  9    Spells: 8/8 levels left

rFire   . . .      SeeInvis .   m - +6 flail (vorpal)
rCold   + . .      Faith    .   r - +3 warlock's mirror {reflect}
rNeg    . . .      Spirit   .   j - +0 plate armour
rPois   .          Reflect  +   (helmet restricted)
rElec   .          Harm     .   (no cloak)
rCorr   +          Rampage  .   (no gloves)
Will    ++...      Rage     1%  (no boots)
Stlth   ..........              (no amulet)
HPRegen 1.26/turn               k - ring of resist corrosion
MPRegen 0.11/turn               (no ring)

@: berserking, strong-willed, regenerating, heavily drained, very quick
A: horns 2, retaliatory headbutt, iridescent scales 1, berserk 1, cold
resistance 1, mutation resistance 1
a: Renounce Religion, Berserk, Trog's Hand


You were on level 7 of the Dungeon.
You worshipped Trog.
Trog was most pleased with you.
You visited 1 branch of the dungeon, and saw 7 of its levels.
You also visited: Ossuary.

You collected 324 gold pieces.

Inventory:

Hand Weapons
 a - a +0 mace
 m - a +6 vorpal flail (weapon)
 u - a +5 trident of freezing
 y - a +2 halberd of flaming
 A - a +0 shortbow of flaming
Missiles
 c - 133 arrows
 g - 45 poisoned darts (quivered)
 i - 12 bolts
 q - 6 datura-tipped darts
 t - 10 sling bullets
Armour
 b - a +0 animal skin
 d - a +0 ring mail
 j - a +0 plate armour (worn)
 r - the +3 warlock's mirror (worn) {reflect}
   (You acquired it on level 7 of the Dungeon)

   It can block and reflect piercing ranged attacks and magical attacks against
   the wielder's willpower.
 x - +0 swamp dragon scales
 z - the +2 buckler of Ydiytuat {rF+++ Dex-2 Stlth+}
   (You found it on level 7 of the Dungeon)

   Dex:       It affects your dexterity (-2).
   rF:        It renders you almost immune to fire.
   Stlth:     It makes you more stealthy.
Jewellery
 k - a ring of resist corrosion (left hand)
Wands
 n - a wand of digging (4)
 J - a wand of paralysis (7)
Scrolls
 e - a scroll of teleportation {unknown}
 f - 3 scrolls of enchant armour
 l - 3 scrolls of blinking
 p - a scroll of immolation
 v - a scroll of torment {unknown}
 B - 2 scrolls of identify
 D - a scroll of noise {unknown}
 E - a scroll of vulnerability {unknown}
 G - 2 scrolls of silence {unknown}
 H - a scroll of amnesia {unknown}
Potions
 h - 2 potions of magic
 o - a potion of brilliance
 s - a potion of curing
 w - 3 potions of invisibility
 C - 2 potions of heal wounds
 F - a potion of mutation
 I - a potion of flight {unknown}


   Skills:
 + Level 6.7 Fighting
 * Level 12.6 Maces & Flails
 + Level 7.8 Armour
 + Level 3.3 Dodging
 * Level 1.7 Shields


You had 8 spell levels left.
You didn't know any spells.
Your spell library was empty.

Dungeon Overview and Level Annotations

Branches:
Dungeon (7/15)             Temple (0/1) D:7         Ossuary (visited)

Altars:
Makhleb
Nemelex Xobeh
Qazlal
Ru
The Shining One

Shops:
D:7 (


Innate Abilities, Weirdness & Mutations

You have a pair of horns on your head.
You reflexively headbutt those who attack you in melee.
You are partially covered in iridescent scales. (AC +2)
You tend to lose your temper in combat.
Your flesh is cold resistant. (rC+)
You are somewhat resistant to further mutation.


Message History

You barely miss the wight. Your headbutt misses the wight.
The wight is almost destroyed.
The wight hits you but does no damage. x2
The wight hits you from afar with a +0 halberd!
You hit the wight.
The wight is almost destroyed.
You block the wight's attack. The wight hits you with a +0 trident.
You feel drained.
You sock the wight!
You destroy the wight!
Trog accepts your kill.
The wight hits you from afar with a +0 halberd.
You feel drained.
The wight hits you with a +0 morningstar.
You sock the wight! Your headbutt misses the wight.
The wight is severely damaged.
The wight hits you from afar with a +0 halberd.
* * * LOW HITPOINT WARNING * * *
The wight hits you with a +0 morningstar.
* * * LOW HITPOINT WARNING * * *
You feel drained.
* * * LOW HITPOINT WARNING * * *
Your skin crawls.
You feel strong-willed.
The wight hits you from afar with a +0 halberd.
* * * LOW HITPOINT WARNING * * *
You feel drained.
* * * LOW HITPOINT WARNING * * *
The wight barely misses you.
A red film seems to cover your vision as you go berserk!
You feel yourself moving faster!
You feel mighty! You block the wight's attack.
The wight hits you with a +0 morningstar!
* * * LOW HITPOINT WARNING * * *
You feel drained.
* * * LOW HITPOINT WARNING * * *
You thump the wight!
You destroy the wight!
Trog accepts your kill.
The wight hits you from afar with a +0 halberd.
You die...

## ### .....###
.###.# .......
.#...# #..... .[
.#...# .. #....#
..# .'...# ...
#....##..#
.#...# ...
#.........
.#...#
.##'##.).......
.#...#
.'.....@..#
.#...#
.#...z.)..#
.#...#
#####....#
.#...#
#..##....#
.#...#
#........#####+#
##...#
#........#......
.....#
#........'......
.....#
#........#.....
######
#####....#.....


You could see a wight.

Vanquished Creatures
  Maggie (D:6)
  Sigmund (D:4)
  Edmund (D:4)
  2 water moccasins
  An orc warrior (D:5)
  A necrophage (D:5)
  2 ogres
  A centaur (D:7)
  A phantom (D:4)
  2 bullfrogs (D:7)
  2 water moccasin zombies
  A wyvern skeleton (D:5)
  7 wights
  6 killer bees (D:4)
  An electric eel (D:6)
  A bullfrog zombie (D:5)
  2 jellies (D:7)
  4 hounds
  A centaur zombie (D:7)
  4 orc priests
  A bullfrog skeleton (D:5)
  2 iguanas
  2 orc wizards
  3 mummies
  4 gnolls (D:3)
  4 adders
  A howler monkey skeleton (D:5)
  An ufetubus (D:5)
  An adder skeleton (D:4)
  8 adder zombies (Ossuary)
  2 worms
  5 dart slugs
  15 orcs
  5 ball pythons
  A bat (D:1)
  8 endoplasms
  A giant cockroach (D:1)
  10 goblins
  6 hobgoblins
  6 jackals (D:1)
  4 quokkas
  2 frilled lizards
  5 gnoll zombies (Ossuary)
  7 hobgoblin zombies (Ossuary)
  7 kobolds
  3 kobold zombies (Ossuary)
  5 orc zombies
  2 rats
163 creatures vanquished.

Notes
Turn   | Place    | Note
-------+----------+-------------------------------------------
     0 | D:1      | a11behringer the Minotaur Berserker began the quest for the
                  | Orb.
     0 | D:1      | Reached XP level 1. HP: 19/19 MP: 0/0
   133 | D:1      | Reached skill level 4 in Maces & Flails
   147 | D:1      | Reached XP level 2. HP: 27/27 MP: 1/1
   371 | D:1      | Reached XP level 3. HP: 32/33 MP: 2/2
   758 | D:2      | Reached ** piety under Trog
   896 | D:2      | Found a faded altar of an unknown god.
  1125 | D:2      | Gained mutation: You tend to lose your temper in combat.
                  | [potion of mutation]
  1125 | D:2      | Gained mutation: You are partially covered in iridescent
                  | scales. (AC +2) [potion of mutation]
  1125 | D:2      | Gained mutation: Your flesh is cold resistant. (rC+)
                  | [potion of mutation]
  1125 | D:2      | Gained mutation: You are somewhat resistant to further
                  | mutation. [potion of mutation]
  1517 | D:3      | Reached skill level 5 in Maces & Flails
  1517 | D:3      | Reached XP level 4. HP: 41/41 MP: 3/3
  2452 | D:4      | Reached XP level 5. HP: 45/47 MP: 4/4
  2549 | D:4      | Found a sacrificial altar of Ru.
  2559 | D:4      | Reached skill level 6 in Maces & Flails
  2661 | D:4      | Noticed Sigmund
  2673 | D:4      | Killed Sigmund
  2674 | D:4      | Reached skill level 7 in Maces & Flails
  2674 | D:4      | Reached XP level 6. HP: 48/55 MP: 5/5
  2849 | D:4      | Reached XP level 7. HP: 60/60 MP: 6/6
  2853 | D:4      | Reached skill level 5 in Fighting
  2853 | D:4      | Reached skill level 8 in Maces & Flails
  2860 | D:4      | Noticed Edmund
  2877 | D:4      | HP: 3/61 [Edmund (2)]
  2882 | D:4      | Killed Edmund
  3220 | D:4      | Reached skill level 5 in Armour
  3322 | D:4      | Reached skill level 9 in Maces & Flails
  3664 | D:5      | Entered Level 5 of the Dungeon
  3723 | D:5      | Reached XP level 8. HP: 62/70 MP: 7/7
  4022 | D:5      | Reached skill level 10 in Maces & Flails
  4633 | D:5      | Found a stormy altar of Qazlal.
  5071 | D:6      | Reached skill level 11 in Maces & Flails
  5222 | D:6      | Reached XP level 9. HP: 75/75 MP: 8/8
  5253 | D:6      | Found a glowing golden altar of the Shining One.
  5253 | D:6      | Found a sparkling altar of Nemelex Xobeh.
  5256 | D:6      | Found a burning altar of Makhleb.
  5461 | D:6      | Noticed Maggie
  5471 | D:6      | Killed Maggie
  5618 | D:7      | Found Zonopilu's Antique Weapon Shoppe.
  5618 | D:7      | Identified the +2 buckler of Ydiytuat {rF+++ Dex-2 Stlth+}
  5635 | D:7      | Identified a scroll of acquirement
  5635 | D:7      | Acquired the +3 warlock's mirror {reflect}
  5635 | D:7      | Found the +3 warlock's mirror {reflect}
  5702 | D:7      | Reached skill level 12 in Maces & Flails
  5781 | D:7      | Found a sand-covered staircase.
  5792 | Ossuary  | Entered an ossuary
  5814 | Ossuary  | Reached skill level 1 in Shields
  5818 | Ossuary  | Reached *** piety under Trog
  6048 | D:7      | Found a staircase to the Ecumenical Temple.
  6121 | D:7      | HP: 4/99 [wight (3)]
  6122 | D:7      | Slain by a wight

Illustrated notes

Levels and vault maps discovered:
D:1:      co_arrival_square_in_a_square_in_a_square, layout_basic
D:2:      layout_loops_ring, shapermc_ecumenical_altar_notcrosses
D:3:      layout_loops_corners
D:4:      layout_basic, nicolae_ru_great_annihilating_truth, minmay_liquid_box,
          sigmund_edmund_badplayer
D:5:      layout_basic, marbit_many_paths, nicolae_underground_beach
D:6:      layout_basic, minitemple, water_maze_lemuel, uniq_maggie, uniq_sigmund
D:7:      layout_gridville, temple_statues, nicolae_ossuary_entry_giza,
          serial_shops, nicolae_square_shop

Skill      XL: |  1  2  3  4  5  6  7  8  9 |
---------------+----------------------------+-----
Maces & Flails | 4 5 7 9 11 12 | 12.6
Fighting       | 4 5 6 |  6.7
Armour         | 3 4 5 7 |  7.8
Dodging        | 3 |  3.3
Shields        | 1 |  1.7

Action                   |  1- 3 |  4- 6 |  7- 9 || total
-------------------------+-------+-------+-------++-------
Melee: Mace              |    73 |    90 |    18 ||   181
       Headbutt          |    10 |    14 |    27 ||    51
       Flail             |       |       |   204 ||   204
Invok: Trog's Hand       |       |     4 |     6 ||    10
       Berserk           |       |     3 |     3 ||     6
  Use: Potion            |     2 |       |     1 ||     3
       Scroll            |       |       |     7 ||     7
 Stab: Paralysed         |       |     1 |       ||     1
Armor: Animal skin       |     1 |       |       ||     1
       Ring mail         |    24 |       |       ||    24
       Plate armour      |     5 |    63 |    80 ||   148
Dodge: Dodged            |    38 |    40 |    68 ||   146
Block: Buckler           |       |       |    18 ||    18

Table legend: (Time is in decaauts)
 A = Elapsed time spent in this place.
 B = Non-inter-level travel time spent in this place.
 C = Inter-level travel time spent in this place.
 D = Time resting spent in this place.
 E = Time spent auto-exploring this place.
 F = Levels seen in this place.
 G = Mean time per level.
                   A        B        C        D        E       F      G
               +--------+--------+--------+--------+--------+-----+--------+
         Total |   6205 |   5283 |    922 |    234 |   4031 |   8 |  775.6 |
       Dungeon |   6055 |   5133 |    922 |    234 |   4031 |   7 |  865.0 |
       Ossuary |    150 |    150 |      0 |      0 |      0 |   1 |  150.0 |
               +--------+--------+--------+--------+--------+-----+--------+

Top non-repeatable levels by time:
     D:4: 1288 daAuts
     D:5: 1153 daAuts
     D:3: 932 daAuts
     D:6: 807 daAuts
     D:2: 779 daAuts
     D:1: 743 daAuts
     D:7: 351 daAuts
 Ossuary: 150 daAuts
